[ AOE2 MATCH · #477956540 ]
Team RMTupi vs Khmer
[ REPLAY ANALYSIS · EXTRACTED FROM THE RECORDED GAME ]
Feudal
11:09
Castle
19:48
Imperial
31:05
| APM avg | 11.3 |
| APM peak | 35 |
| eAPM avg | 8.5 |
| Villagers / military | 89 / 30 |
Focus
⚔️ 32.1% · 🌾 67.9%
Unknown (2550) ×47 · Trade Cart ×26 · Unknown (2579) ×22 · Petard ×21 · Unknown (2582) ×15 · Monk ×4
Feudal
—
Castle
—
Imperial
—
| APM avg | 0.1 |
| APM peak | 6 |
| eAPM avg | 0.1 |
| Villagers / military | 0 / 0 |
Feudal
9:37
Castle
16:54
Imperial
36:48
| APM avg | 15.7 |
| APM peak | 55 |
| eAPM avg | 11.7 |
| Villagers / military | 89 / 86 |
Focus
⚔️ 27.7% · 🌾 72.3%
Hand Cannoneer ×63 · Trade Cart ×39 · Bombard Cannon ×12 · Battering Ram ×6 · Monk ×3 · Mangonel ×2
Feudal
11:50
Castle
28:40
Imperial
45:27
| APM avg | 13.2 |
| APM peak | 46 |
| eAPM avg | 10.5 |
| Villagers / military | 146 / 105 |
Focus
⚔️ 29.1% · 🌾 70.9%
Hand Cannoneer ×29 · Mangonel ×24 · Bombard Cannon ×19 · Organ Gun ×19 · Trade Cart ×14 · Knight ×7
Feudal
13:34
Castle
24:51
Imperial
33:32
| APM avg | 10.8 |
| APM peak | 41 |
| eAPM avg | 8.1 |
| Villagers / military | 100 / 109 |
Focus
⚔️ 36.1% · 🌾 63.9%
Knight ×59 · Cavalry Archer ×43 · Trade Cart ×30 · Monk ×5 · Trebuchet (Packed) ×2
Feudal
12:02
Castle
25:00
Imperial
38:15
| APM avg | 4.8 |
| APM peak | 26 |
| eAPM avg | 4.3 |
| Villagers / military | 78 / 39 |
Focus
⚔️ 22.7% · 🌾 77.3%
Spearman ×19 · Scorpion ×6 · Militia ×4 · Battering Ram ×3 · Trebuchet (Packed) ×3 · Scout Cavalry ×2
Feudal
11:45
Castle
—
Imperial
—
| APM avg | 4.3 |
| APM peak | 41 |
| eAPM avg | 1.4 |
| Villagers / military | 37 / 0 |
Focus
⚔️ 0.0% · 🌾 100.0%
Feudal
10:50
Castle
24:14
Imperial
36:26
| APM avg | 10.2 |
| APM peak | 27 |
| eAPM avg | 6.5 |
| Villagers / military | 90 / 242 |
Focus
⚔️ 29.6% · 🌾 70.4%
Monaspa ×240 · Trade Cart ×11 · Trebuchet (Packed) ×2
Match map
Resources at game start + every placement click. Thick line = wall · dashed box = detected house wall. 🟡 gold · ⚪ stone · 🟢 berries · 🔶 boar · ⭕ relic
Inputs per minute
— Sauleta - - Elite Savage
Build order — Sauleta
First 150 of 386 actions detected
| 0:10 | Create | Villager (Male) |
| 0:11 | Create | Villager (Male) |
| 0:12 | Create | Villager (Male) |
| 0:12 | Create | Villager (Male) |
| 0:37 | Build | House |
| 1:27 | Build | House |
| 1:48 | Research | Loom |
| 2:46 | Create | Villager (Male) |
| 3:17 | Create | Villager (Male) |
| 3:43 | Create | Villager (Male) |
| 4:05 | Create | Villager (Male) |
| 4:17 | Create | Villager (Male) |
| 4:40 | Create | Villager (Male) |
| 5:06 | Create | Villager (Male) |
| 5:21 | Build | Settlement |
| 5:44 | Create | Villager (Male) |
| 6:51 | Create | Villager (Male) |
| 7:22 | Create | Villager (Male) |
| 7:52 | Create | Villager (Male) |
| 8:53 | Build | Settlement |
| 9:00 | Research | Feudal Age |
| 11:09 | Age | Feudal Age |
| 11:16 | Research | Town Watch |
| 11:17 | Create | Villager (Male) |
| 11:59 | Build | Settlement |
| 12:19 | Build | Settlement |
| 12:30 | Create | Villager (Male) |
| 13:38 | Build | Market |
| 13:43 | Create | Villager (Male) |
| 14:26 | Build | Settlement |
| 14:28 | Create | Villager (Male) |
| 14:53 | Create | Villager (Male) |
| 15:46 | Build | Blacksmith |
| 15:53 | Create | Villager (Male) |
| 16:14 | Create | Trade Cart |
| 16:26 | Create | Villager (Male) |
| 17:08 | Research | Castle Age |
| 17:34 | Create | Trade Cart |
| 19:45 | Build | Settlement |
| 19:48 | Age | Castle Age |
| 19:58 | Create | Villager (Male) |
| 20:36 | Build | Town Center |
| 20:39 | Create | Villager (Male) |
| 20:47 | Research | Double-Bit Axe |
| 21:13 | Build | Farm |
| 21:16 | Create | Villager (Male) |
| 21:47 | Build | Farm |
| 21:50 | Create | Villager (Male) |
| 22:18 | Build | Farm |
| 22:22 | Create | Villager (Male) |
| 22:49 | Build | Farm |
| 22:53 | Create | Villager (Male) |
| 23:15 | Build | Farm |
| 23:22 | Build | Farm |
| 23:25 | Create | Villager (Male) |
| 24:11 | Build | Town Center |
| 24:17 | Create | Villager (Male) |
| 24:20 | Create | Villager (Male) |
| 24:33 | Create | Trade Cart |
| 25:00 | Create | Villager (Male) |
| 25:03 | Create | Villager (Male) |
| 26:09 | Build | Monastery |
| 26:19 | Build | University |
| 26:25 | Create | Villager (Male) |
| 26:27 | Create | Villager (Male) |
| 26:51 | Build | Settlement |
| 27:02 | Build | Farm |
| 27:04 | Build | Farm |
| 27:21 | Create | Villager (Male) |
| 27:24 | Create | Villager (Male) |
| 27:27 | Create | Villager (Male) |
| 27:41 | Create | Trade Cart |
| 27:56 | Research | Imperial Age |
| 28:02 | Build | Farm |
| 28:04 | Build | Farm |
| 28:07 | Build | Farm |
| 28:15 | Create | Villager (Male) |
| 28:19 | Create | Villager (Male) |
| 28:25 | Create | Villager (Male) |
| 28:45 | Build | Castle |
| 28:51 | Research | Treadmill Crane |
| 28:55 | Create | Monk |
| 28:55 | Create | Monk |
| 28:56 | Create | Monk |
| 28:57 | Create | Monk |
| 29:03 | Create | Trade Cart |
| 29:17 | Create | Villager (Male) |
| 29:20 | Create | Villager (Male) |
| 29:35 | Research | Horse Collar |
| 29:58 | Build | Farm |
| 30:01 | Create | Villager (Male) |
| 30:04 | Create | Villager (Male) |
| 30:10 | Create | Trade Cart |
| 30:33 | Build | Farm |
| 30:38 | Build | Farm |
| 30:42 | Create | Villager (Male) |
| 30:45 | Create | Villager (Male) |
| 30:52 | Research | Gold Mining |
| 31:05 | Age | Imperial Age |
| 31:45 | Build | Farm |
| 31:49 | Create | Villager (Male) |
| 31:54 | Build | Farm |
| 31:59 | Create | Villager (Male) |
| 32:03 | Create | Villager (Male) |
| 32:03 | Research | Town Patrol |
| 32:38 | Build | Barracks |
| 32:46 | Build | Farm |
| 32:50 | Build | Farm |
| 32:54 | Create | Villager (Male) |
| 32:57 | Create | Villager (Male) |
| 33:00 | Create | Villager (Male) |
| 33:02 | Research | Wheelbarrow |
| 33:33 | Research | Stone Mining |
| 33:50 | Create | Villager (Male) |
| 34:14 | Build | Settlement |
| 34:21 | Create | Villager (Male) |
| 34:30 | Create | Villager (Male) |
| 34:34 | Create | Villager (Male) |
| 34:37 | Research | Gold Shaft Mining |
| 34:52 | Build | Castle |
| 35:06 | Build | Farm |
| 35:09 | Create | Villager (Male) |
| 35:14 | Build | Farm |
| 35:17 | Build | Farm |
| 35:30 | Create | Villager (Male) |
| 35:34 | Create | Villager (Male) |
| 35:37 | Create | Villager (Male) |
| 35:42 | Research | Bow Saw |
| 35:53 | Build | Farm |
| 35:56 | Research | Heavy Plow |
| 36:12 | Build | Farm |
| 36:14 | Build | Farm |
| 36:24 | Create | Villager (Male) |
| 36:26 | Create | Villager (Male) |
| 36:30 | Create | Villager (Male) |
| 36:45 | Research | Two-Man Saw |
| 37:01 | Build | Archery Range |
| 37:13 | Create | Villager (Male) |
| 37:16 | Create | Villager (Male) |
| 37:18 | Create | Villager (Male) |
| 37:50 | Build | Settlement |
| 37:59 | Build | Farm |
| 38:23 | Build | Barracks |
| 38:33 | Build | Archery Range |
| 38:42 | Build | Farm |
| 38:44 | Build | Farm |
| 38:45 | Build | Farm |
| 38:49 | Create | Villager (Male) |
| 38:50 | Create | Villager (Male) |
| 38:58 | Create | Villager (Male) |
Build order — Elite Savage
0 actions detected in the replay
Build order — ッ
First 150 of 272 actions detected
| 0:07 | Create | Villager (Male) ×4 |
| 0:09 | Build | House |
| 0:22 | Build | House |
| 0:25 | Build | House |
| 0:28 | Build | House |
| 1:50 | Create | Villager (Male) |
| 2:14 | Create | Villager (Male) |
| 2:37 | Create | Villager (Male) |
| 3:05 | Create | Villager (Male) |
| 3:06 | Create | Villager (Male) |
| 3:30 | Create | Villager (Male) |
| 3:31 | Create | Villager (Male) |
| 3:34 | Create | Villager (Male) |
| 4:10 | Create | Villager (Male) ×3 |
| 4:17 | Build | Lumber Camp |
| 5:36 | Create | Villager (Male) |
| 6:00 | Create | Villager (Male) |
| 6:20 | Create | Villager (Male) |
| 6:42 | Build | Mill |
| 7:27 | Research | Feudal Age |
| 9:37 | Age | Feudal Age |
| 9:45 | Create | Villager (Male) |
| 9:46 | Create | Villager (Male) |
| 9:46 | Create | Villager (Male) |
| 10:01 | Research | Double-Bit Axe |
| 10:04 | Research | Horse Collar |
| 10:06 | Create | Villager (Male) |
| 11:08 | Create | Villager (Male) |
| 11:36 | Build | House |
| 11:44 | Build | Farm |
| 11:46 | Build | Farm |
| 11:51 | Create | Villager (Male) |
| 12:12 | Build | Market |
| 12:17 | Create | Villager (Male) |
| 12:36 | Create | Villager (Male) |
| 12:42 | Build | Farm |
| 12:46 | Build | Farm |
| 12:50 | Build | Farm |
| 12:55 | Build | Farm |
| 13:00 | Build | Farm |
| 13:02 | Build | Farm |
| 13:06 | Create | Villager (Male) |
| 13:17 | Build | Blacksmith |
| 13:34 | Create | Villager (Male) |
| 13:56 | Research | Wheelbarrow |
| 14:14 | Research | Castle Age |
| 14:26 | Build | Mining Camp |
| 14:58 | Build | Mining Camp |
| 15:56 | Build | Lumber Camp |
| 16:19 | Build | House |
| 16:39 | Create | Villager (Male) |
| 16:54 | Age | Castle Age |
| 16:55 | Research | Bow Saw |
| 17:13 | Build | Town Center |
| 17:17 | Create | Villager (Male) |
| 17:37 | Create | Villager (Male) |
| 17:50 | Research | Heavy Plow |
| 18:33 | Create | Trade Cart |
| 18:43 | Create | Villager (Male) |
| 18:51 | Create | Villager (Male) |
| 19:00 | Create | Villager (Male) |
| 19:15 | Build | Monastery |
| 19:40 | Build | Castle |
| 19:46 | Build | Mining Camp |
| 19:56 | Create | Villager (Male) |
| 19:56 | Create | Villager (Male) |
| 20:10 | Create | Villager (Male) |
| 20:10 | Create | Villager (Male) |
| 20:19 | Create | Monk |
| 20:45 | Create | Monk |
| 21:15 | Research | Fervor |
| 21:16 | Create | Monk |
| 21:42 | Create | Villager (Male) |
| 21:43 | Create | Villager (Male) |
| 21:44 | Create | Villager (Male) |
| 21:45 | Create | Villager (Male) |
| 21:51 | Build | Farm |
| 21:55 | Build | Farm |
| 22:01 | Build | Farm |
| 22:04 | Build | Farm |
| 22:09 | Create | Villager (Male) ×3 |
| 22:48 | Create | Villager (Male) ×2 |
| 22:57 | Build | House |
| 23:02 | Build | House |
| 23:06 | Build | House |
| 23:08 | Build | House |
| 23:11 | Build | House |
| 23:14 | Build | House |
| 23:19 | Build | House |
| 23:21 | Build | House |
| 23:23 | Build | House |
| 23:26 | Create | Villager (Male) |
| 23:26 | Create | Villager (Male) |
| 23:34 | Research | Loom |
| 23:48 | Create | Villager (Male) ×5 |
| 24:07 | Build | Town Center |
| 24:22 | Create | Villager (Male) ×2 |
| 24:44 | Build | Lumber Camp |
| 24:59 | Create | Villager (Male) |
| 24:59 | Create | Villager (Male) |
| 25:11 | Build | Market |
| 25:31 | Build | University |
| 25:38 | Build | House |
| 25:54 | Build | Farm |
| 25:56 | Build | Farm |
| 25:58 | Build | Farm |
| 26:01 | Build | Farm |
| 26:03 | Create | Villager (Male) ×5 |
| 26:24 | Build | Mining Camp |
| 26:36 | Create | Villager (Male) ×5 |
| 26:41 | Build | Farm |
| 26:42 | Build | Farm |
| 27:15 | Build | Farm |
| 27:22 | Create | Villager (Male) ×3 |
| 27:34 | Build | Farm |
| 27:39 | Build | Farm |
| 27:40 | Build | Farm |
| 27:44 | Build | Farm |
| 27:48 | Build | Mill |
| 27:58 | Build | Farm |
| 28:13 | Create | Villager (Male) |
| 28:13 | Create | Villager (Male) |
| 28:21 | Research | Treadmill Crane |
| 28:24 | Create | Villager (Male) |
| 28:24 | Create | Villager (Male) |
| 28:26 | Build | Farm |
| 28:31 | Build | Farm |
| 28:42 | Build | Farm |
| 28:53 | Build | Siege Workshop |
| 29:02 | Build | Barracks |
| 29:04 | Build | Barracks |
| 29:07 | Build | Barracks |
| 29:17 | Build | Barracks |
| 29:26 | Build | Barracks |
| 29:30 | Create | Villager (Male) |
| 29:30 | Create | Villager (Male) |
| 29:45 | Create | Villager (Male) |
| 29:45 | Create | Villager (Male) |
| 29:47 | Create | Villager (Male) |
| 29:47 | Create | Villager (Male) |
| 29:53 | Research | Wheelbarrow |
| 29:54 | Research | Town Watch |
| 29:57 | Build | Farm |
| 30:01 | Build | Farm |
| 30:04 | Build | Farm |
| 30:08 | Build | Farm |
| 30:21 | Create | Trade Cart |
| 30:21 | Create | Trade Cart |
| 30:21 | Create | Trade Cart |
| 30:27 | Research | Caravan |
Build order — spam
First 150 of 422 actions detected
| 1:08 | Build | House |
| 1:11 | Research | Loom |
| 1:12 | Create | Villager (Male) |
| 1:38 | Create | Villager (Male) |
| 1:38 | Create | Villager (Male) |
| 1:39 | Create | Villager (Male) |
| 1:39 | Create | Villager (Male) |
| 2:39 | Build | House |
| 3:08 | Create | Villager (Male) |
| 3:09 | Create | Villager (Male) |
| 3:09 | Create | Villager (Male) |
| 3:22 | Build | Mill |
| 4:27 | Create | Villager (Male) |
| 4:27 | Create | Villager (Male) |
| 4:28 | Create | Villager (Male) |
| 4:37 | Build | House |
| 4:55 | Create | Villager (Male) |
| 4:55 | Create | Villager (Male) |
| 5:06 | Build | Lumber Camp |
| 5:44 | Create | Villager (Male) |
| 5:45 | Create | Villager (Male) |
| 6:28 | Create | Villager (Male) |
| 6:28 | Create | Villager (Male) |
| 6:29 | Create | Villager (Male) |
| 6:29 | Create | Villager (Male) |
| 7:14 | Create | Villager (Male) |
| 7:14 | Create | Villager (Male) |
| 7:15 | Create | Villager (Male) |
| 7:22 | Build | House |
| 9:03 | Create | Villager (Male) |
| 9:29 | Build | Mill |
| 9:40 | Research | Feudal Age |
| 9:54 | Build | Mining Camp |
| 10:24 | Build | Farm |
| 11:50 | Age | Feudal Age |
| 12:46 | Build | Mill |
| 13:00 | Research | Wheelbarrow |
| 13:02 | Create | Villager (Male) |
| 13:02 | Create | Villager (Male) |
| 13:02 | Create | Villager (Male) |
| 13:02 | Create | Villager (Male) |
| 13:03 | Create | Villager (Male) |
| 13:03 | Create | Villager (Male) |
| 13:09 | Research | Double-Bit Axe |
| 13:13 | Research | Horse Collar |
| 13:33 | Build | Stone Wall |
| 14:45 | Create | Villager (Male) |
| 14:46 | Create | Villager (Male) |
| 15:18 | Build | Lumber Camp |
| 15:45 | Build | Stone Wall |
| 16:22 | Build | Lumber Camp |
| 16:56 | Build | Lumber Camp |
| 17:19 | Create | Villager (Male) |
| 17:24 | Build | House |
| 17:25 | Build | House |
| 17:26 | Build | House |
| 18:11 | Build | Farm |
| 18:11 | Build | Farm |
| 18:12 | Build | Farm |
| 18:12 | Build | Farm |
| 18:13 | Build | Farm |
| 18:13 | Build | Farm |
| 18:14 | Build | Farm |
| 18:14 | Build | Farm |
| 18:36 | Build | Stone Wall |
| 18:42 | Build | Building 673 |
| 18:51 | Create | Villager (Male) |
| 18:52 | Create | Villager (Male) |
| 18:52 | Create | Villager (Male) |
| 18:52 | Create | Villager (Male) |
| 19:48 | Create | Villager (Male) |
| 19:48 | Create | Villager (Male) |
| 19:49 | Create | Villager (Male) |
| 19:49 | Create | Villager (Male) |
| 19:49 | Create | Villager (Male) |
| 19:50 | Create | Villager (Male) |
| 20:29 | Build | House |
| 20:30 | Build | House |
| 20:31 | Build | House |
| 20:33 | Build | House |
| 21:00 | Build | Market |
| 21:15 | Build | Stone Wall |
| 21:31 | Build | Mining Camp |
| 23:19 | Build | Stone Wall |
| 23:26 | Build | Building 490 |
| 23:35 | Create | Villager (Male) |
| 23:35 | Create | Villager (Male) |
| 23:36 | Create | Villager (Male) |
| 23:36 | Create | Villager (Male) |
| 23:36 | Create | Villager (Male) |
| 23:36 | Create | Villager (Male) |
| 23:38 | Create | Villager (Male) |
| 23:38 | Create | Villager (Male) |
| 23:38 | Create | Villager (Male) |
| 23:55 | Build | Lumber Camp |
| 24:17 | Build | Barracks |
| 24:58 | Build | Blacksmith |
| 25:08 | Research | Gold Mining |
| 25:09 | Research | Stone Mining |
| 25:31 | Build | Stone Wall |
| 25:37 | Build | Building 490 |
| 25:56 | Build | Mining Camp |
| 26:00 | Research | Castle Age |
| 27:15 | Create | Trade Cart |
| 27:16 | Create | Trade Cart |
| 27:16 | Create | Trade Cart |
| 27:16 | Create | Trade Cart |
| 27:49 | Build | Stone Wall |
| 28:11 | Build | Stable |
| 28:21 | Build | Archery Range |
| 28:40 | Age | Castle Age |
| 28:42 | Build | Lumber Camp |
| 29:55 | Build | Town Center |
| 30:11 | Research | Hand Cart |
| 30:12 | Create | Villager (Male) |
| 30:12 | Create | Villager (Male) |
| 30:12 | Create | Villager (Male) |
| 30:13 | Create | Villager (Male) |
| 30:13 | Create | Villager (Male) |
| 30:13 | Create | Villager (Male) |
| 30:13 | Create | Villager (Male) |
| 30:14 | Create | Villager (Male) |
| 30:59 | Build | Town Center |
| 31:28 | Build | Monastery |
| 31:45 | Create | Villager (Male) |
| 31:45 | Create | Villager (Male) |
| 31:45 | Create | Villager (Male) |
| 31:46 | Create | Villager (Male) |
| 31:46 | Create | Villager (Male) |
| 31:46 | Create | Villager (Male) |
| 31:46 | Create | Villager (Male) |
| 31:47 | Create | Villager (Male) |
| 31:47 | Create | Villager (Male) |
| 32:42 | Build | Siege Workshop |
| 32:46 | Research | Husbandry |
| 32:47 | Create | Knight |
| 32:47 | Create | Knight |
| 32:47 | Create | Knight |
| 32:47 | Create | Knight |
| 32:48 | Create | Knight |
| 32:48 | Create | Knight |
| 32:48 | Create | Knight |
| 33:05 | Research | Bow Saw |
| 33:25 | Research | Heavy Plow |
| 33:43 | Build | Mill |
| 34:31 | Create | Villager (Male) |
| 34:31 | Create | Villager (Male) |
| 34:32 | Create | Villager (Male) |
| 34:32 | Create | Villager (Male) |
| 34:32 | Create | Villager (Male) |
Build order — 1609318730
First 150 of 427 actions detected
| 0:17 | Create | Villager (Male) |
| 0:18 | Research | Loom |
| 0:19 | Create | Villager (Male) |
| 0:19 | Create | Villager (Male) |
| 0:20 | Create | Villager (Male) |
| 0:38 | Build | House |
| 0:45 | Build | House |
| 0:47 | Build | House |
| 0:50 | Build | House |
| 2:18 | Build | Mill |
| 2:25 | Create | Villager (Male) |
| 3:18 | Create | Villager (Male) |
| 3:51 | Create | Villager (Male) |
| 4:21 | Create | Villager (Male) |
| 4:53 | Create | Villager (Male) |
| 5:14 | Create | Villager (Male) |
| 5:39 | Create | Villager (Male) |
| 5:52 | Create | Villager (Male) |
| 6:10 | Create | Villager (Male) |
| 6:33 | Create | Villager (Male) |
| 6:49 | Create | Villager (Male) |
| 7:05 | Build | Mining Camp |
| 7:28 | Create | Villager (Male) |
| 7:30 | Create | Villager (Male) |
| 7:55 | Build | Mining Camp |
| 8:01 | Create | Villager (Male) |
| 8:43 | Create | Villager (Male) |
| 8:43 | Create | Villager (Male) |
| 9:15 | Build | Lumber Camp |
| 9:38 | Build | House |
| 9:39 | Build | House |
| 9:41 | Build | House |
| 9:48 | Create | Villager (Male) |
| 10:14 | Create | Villager (Male) |
| 10:46 | Create | Villager (Male) |
| 11:18 | Build | House |
| 11:24 | Research | Feudal Age |
| 11:34 | Build | House |
| 11:35 | Build | House |
| 11:37 | Build | House |
| 11:38 | Build | House |
| 11:42 | Build | House |
| 11:44 | Build | House |
| 11:45 | Build | House |
| 11:46 | Build | House |
| 11:48 | Build | House |
| 11:52 | Build | House |
| 13:34 | Age | Feudal Age |
| 13:35 | Research | Wheelbarrow |
| 13:35 | Research | Wheelbarrow |
| 13:46 | Research | Double-Bit Axe |
| 13:50 | Research | Gold Mining |
| 13:59 | Create | Villager (Male) |
| 14:00 | Create | Villager (Male) |
| 14:46 | Create | Villager (Male) |
| 14:46 | Create | Villager (Male) |
| 15:23 | Build | Farm |
| 15:51 | Build | Farm |
| 15:52 | Build | Farm |
| 15:53 | Build | Farm |
| 15:54 | Build | Farm |
| 15:56 | Build | Farm |
| 15:57 | Build | Farm |
| 15:58 | Build | Farm |
| 16:00 | Build | Farm |
| 16:08 | Build | Farm |
| 16:10 | Build | Farm |
| 16:18 | Build | Farm |
| 16:55 | Build | House |
| 16:59 | Build | House |
| 17:00 | Build | House |
| 17:02 | Build | House |
| 17:04 | Build | House |
| 17:05 | Build | House |
| 17:06 | Build | House |
| 17:25 | Create | Villager (Male) |
| 17:25 | Create | Villager (Male) |
| 17:25 | Create | Villager (Male) |
| 17:53 | Build | Farm |
| 17:55 | Build | Farm |
| 18:37 | Create | Villager (Male) |
| 18:51 | Build | Barracks |
| 19:08 | Create | Villager (Male) |
| 19:16 | Build | Farm |
| 19:24 | Create | Villager (Male) |
| 19:42 | Build | Farm |
| 19:52 | Create | Villager (Male) |
| 20:09 | Build | Archery Range |
| 20:15 | Build | Stable |
| 20:24 | Build | Farm |
| 20:35 | Build | Farm |
| 20:47 | Create | Villager (Male) |
| 20:48 | Create | Villager (Male) |
| 21:27 | Research | Stone Mining |
| 22:01 | Build | Market |
| 22:11 | Research | Castle Age |
| 22:26 | Build | Mining Camp |
| 22:46 | Build | Blacksmith |
| 23:31 | Build | Mining Camp |
| 23:41 | Create | Trade Cart |
| 23:41 | Create | Trade Cart |
| 23:41 | Create | Trade Cart |
| 23:42 | Create | Trade Cart |
| 23:42 | Create | Trade Cart |
| 23:42 | Create | Trade Cart |
| 24:49 | Create | Villager (Male) |
| 24:49 | Create | Villager (Male) |
| 24:50 | Create | Villager (Male) |
| 24:50 | Create | Villager (Male) |
| 24:50 | Create | Villager (Male) |
| 24:51 | Age | Castle Age |
| 24:51 | Create | Villager (Male) |
| 25:00 | Research | Hand Cart |
| 25:01 | Create | Villager (Male) |
| 25:01 | Create | Villager (Male) |
| 25:01 | Create | Villager (Male) |
| 25:02 | Create | Villager (Male) |
| 25:02 | Create | Villager (Male) |
| 25:03 | Create | Villager (Male) |
| 25:11 | Research | Gold Shaft Mining |
| 25:16 | Research | Bow Saw |
| 25:30 | Build | Town Center |
| 25:46 | Build | Castle |
| 26:41 | Create | Villager (Male) |
| 26:49 | Research | Caravan |
| 26:50 | Create | Trade Cart |
| 26:50 | Create | Trade Cart |
| 26:50 | Create | Trade Cart |
| 26:50 | Create | Trade Cart |
| 27:05 | Create | Villager (Male) |
| 27:06 | Create | Villager (Male) |
| 27:06 | Create | Villager (Male) |
| 27:06 | Create | Villager (Male) |
| 27:06 | Create | Villager (Male) |
| 27:06 | Create | Villager (Male) |
| 27:07 | Create | Villager (Male) |
| 27:08 | Create | Villager (Male) |
| 27:11 | Build | Farm |
| 27:27 | Build | Mining Camp |
| 27:45 | Build | Farm |
| 27:53 | Build | Farm |
| 28:03 | Create | Villager (Male) |
| 28:04 | Create | Villager (Male) |
| 28:37 | Create | Villager (Male) |
| 28:37 | Create | Villager (Male) |
| 28:38 | Create | Villager (Male) |
| 28:38 | Create | Villager (Male) |
| 29:25 | Build | Monastery |
| 29:42 | Build | University |
| 30:02 | Research | Imperial Age |
Build order — PitralonneDJS
First 150 of 222 actions detected
| 0:05 | Create | Villager (Male) |
| 0:05 | Create | Villager (Male) |
| 0:05 | Create | Villager (Male) |
| 0:06 | Create | Villager (Male) |
| 0:06 | Create | Villager (Male) |
| 0:06 | Create | Villager (Male) |
| 0:10 | Build | House |
| 0:15 | Build | House |
| 2:21 | Create | Villager (Male) |
| 2:22 | Create | Villager (Male) |
| 2:23 | Create | Villager (Male) |
| 2:43 | Create | Villager (Male) |
| 3:57 | Create | Villager (Male) |
| 3:58 | Create | Villager (Male) |
| 3:59 | Create | Villager (Male) |
| 4:09 | Build | House |
| 4:16 | Build | Mill |
| 4:32 | Create | Villager (Male) |
| 5:07 | Create | Villager (Male) |
| 6:19 | Create | Villager (Male) |
| 6:19 | Create | Villager (Male) |
| 6:20 | Create | Villager (Male) |
| 6:20 | Create | Villager (Male) |
| 7:42 | Build | House |
| 8:03 | Create | Villager (Male) |
| 8:04 | Create | Villager (Male) |
| 8:05 | Create | Villager (Male) |
| 8:13 | Build | Lumber Camp |
| 9:08 | Build | House |
| 9:37 | Create | Villager (Male) |
| 9:40 | Research | Feudal Age |
| 9:51 | Research | Feudal Age |
| 9:54 | Create | Villager (Male) |
| 9:55 | Create | Villager (Male) |
| 9:56 | Create | Villager (Male) |
| 12:02 | Age | Feudal Age |
| 12:10 | Research | Double-Bit Axe |
| 12:32 | Build | Lumber Camp |
| 12:42 | Build | Farm |
| 12:44 | Build | Farm |
| 12:46 | Build | Farm |
| 12:48 | Build | Farm |
| 12:50 | Build | Farm |
| 12:52 | Build | Farm |
| 12:56 | Build | Farm |
| 12:58 | Build | Farm |
| 12:59 | Build | Farm |
| 13:00 | Build | Farm |
| 13:02 | Build | Farm |
| 13:04 | Build | Farm |
| 13:06 | Build | Farm |
| 13:08 | Build | Farm |
| 13:10 | Build | Farm |
| 13:36 | Research | Horse Collar |
| 13:39 | Create | Villager (Male) |
| 13:39 | Create | Villager (Male) |
| 13:40 | Create | Villager (Male) |
| 13:40 | Create | Villager (Male) |
| 13:41 | Create | Villager (Male) |
| 13:41 | Create | Villager (Male) |
| 13:41 | Create | Villager (Male) |
| 13:42 | Create | Villager (Male) |
| 13:42 | Create | Villager (Male) |
| 13:54 | Build | Mining Camp |
| 14:45 | Create | Villager (Male) |
| 15:00 | Build | House |
| 15:05 | Build | House |
| 15:07 | Build | House |
| 15:08 | Build | House |
| 15:10 | Build | House |
| 15:15 | Build | House |
| 15:16 | Build | House |
| 15:17 | Build | House |
| 15:19 | Build | House |
| 15:21 | Build | House |
| 15:22 | Build | House |
| 15:23 | Build | House |
| 17:43 | Build | Barracks |
| 17:49 | Build | Outpost |
| 18:03 | Build | Mining Camp |
| 18:07 | Create | Villager (Male) |
| 18:10 | Create | Villager (Male) |
| 18:12 | Create | Villager (Male) |
| 18:44 | Build | Archery Range |
| 18:57 | Build | Outpost |
| 19:06 | Research | Man-at-Arms (upgrade) |
| 19:25 | Create | Villager (Male) |
| 19:29 | Create | Villager (Male) |
| 19:49 | Build | Farm |
| 19:50 | Build | Farm |
| 19:52 | Build | Farm |
| 19:54 | Build | Farm |
| 19:55 | Build | Farm |
| 19:57 | Build | Farm |
| 19:58 | Build | Farm |
| 20:04 | Create | Villager (Male) |
| 20:15 | Build | Outpost |
| 20:20 | Create | Villager (Male) |
| 20:31 | Create | Villager (Male) |
| 20:32 | Create | Villager (Male) |
| 20:32 | Create | Villager (Male) |
| 20:42 | Build | Outpost |
| 20:57 | Build | Stable |
| 21:00 | Build | Stable |
| 21:10 | Build | Archery Range |
| 21:17 | Build | Barracks |
| 21:33 | Build | Outpost |
| 21:36 | Build | Outpost |
| 21:53 | Research | Castle Age |
| 22:14 | Research | Bloodlines |
| 22:36 | Research | Gold Mining |
| 22:46 | Research | Stone Mining |
| 23:37 | Create | Scout Cavalry |
| 23:37 | Create | Scout Cavalry |
| 23:42 | Create | Skirmisher |
| 23:43 | Create | Skirmisher |
| 23:47 | Create | Spearman |
| 23:47 | Create | Spearman |
| 24:08 | Create | Spearman |
| 24:09 | Create | Spearman |
| 24:30 | Create | Militia |
| 24:30 | Create | Militia |
| 24:31 | Create | Militia |
| 24:31 | Create | Militia |
| 24:57 | Build | Outpost |
| 25:00 | Age | Castle Age |
| 25:29 | Build | Castle |
| 25:43 | Create | Villager (Male) ×5 |
| 26:00 | Research | Pikeman (upgrade) |
| 26:03 | Research | Long Swordsman (upgrade) |
| 26:17 | Build | Blacksmith |
| 26:24 | Build | University |
| 26:28 | Build | Market |
| 26:33 | Build | Monastery |
| 27:03 | Build | Town Center |
| 27:16 | Research | Husbandry |
| 27:20 | Research | Light Cavalry (upgrade) |
| 27:37 | Build | Siege Workshop |
| 27:39 | Build | Siege Workshop |
| 27:49 | Create | Villager (Male) |
| 27:49 | Create | Villager (Male) |
| 27:50 | Create | Villager (Male) |
| 27:50 | Create | Villager (Male) |
| 27:53 | Research | Wheelbarrow |
| 28:34 | Create | Spearman |
| 28:35 | Create | Spearman |
| 28:35 | Create | Spearman |
| 28:59 | Build | Barracks |
| 29:03 | Build | Barracks |
| 29:07 | Create | Villager (Male) ×5 |
Build order — Brown Sugar
52 actions detected in the replay
| 0:12 | Create | Villager (Male) |
| 0:12 | Create | Villager (Male) |
| 0:13 | Create | Villager (Male) |
| 0:13 | Create | Villager (Male) |
| 0:13 | Create | Villager (Male) |
| 0:16 | Build | House |
| 0:19 | Build | House |
| 1:44 | Create | Villager (Male) |
| 1:44 | Create | Villager (Male) |
| 2:18 | Create | Villager (Male) |
| 2:18 | Create | Villager (Male) |
| 2:30 | Create | Villager (Male) |
| 3:04 | Create | Villager (Male) |
| 3:05 | Create | Villager (Male) |
| 3:18 | Create | Villager (Male) |
| 3:18 | Create | Villager (Male) |
| 3:28 | Build | Mill |
| 3:41 | Build | House |
| 3:42 | Build | House |
| 3:43 | Build | House |
| 3:50 | Create | Villager (Male) |
| 4:06 | Create | Villager (Male) |
| 4:06 | Create | Villager (Male) |
| 4:36 | Create | Villager (Male) |
| 4:36 | Create | Villager (Male) |
| 5:06 | Create | Villager (Male) |
| 5:06 | Create | Villager (Male) |
| 5:07 | Create | Villager (Male) |
| 5:53 | Create | Villager (Male) |
| 5:53 | Create | Villager (Male) |
| 6:01 | Create | Villager (Male) |
| 6:01 | Create | Villager (Male) |
| 6:01 | Create | Villager (Male) |
| 6:03 | Create | Villager (Male) |
| 6:03 | Create | Villager (Male) |
| 6:52 | Create | Villager (Male) |
| 6:52 | Create | Villager (Male) |
| 6:56 | Create | Villager (Male) |
| 6:57 | Create | Villager (Male) |
| 7:25 | Build | Mill |
| 7:35 | Build | Lumber Camp |
| 7:39 | Create | Villager (Male) |
| 7:40 | Create | Villager (Male) |
| 8:42 | Build | Mining Camp |
| 9:35 | Research | Feudal Age |
| 9:43 | Create | Villager (Male) |
| 9:43 | Create | Villager (Male) |
| 11:32 | Build | Mill |
| 11:45 | Age | Feudal Age |
| 11:52 | Research | Loom |
| 11:56 | Build | Market |
| 11:57 | Build | Blacksmith |
Build order — glubix44
First 150 of 221 actions detected
| 0:04 | Create | Villager (Male) |
| 0:05 | Research | Loom |
| 0:11 | Build | House |
| 1:04 | Build | House |
| 1:07 | Build | House |
| 1:09 | Build | House |
| 1:15 | Create | Villager (Male) ×3 |
| 1:44 | Create | Villager (Male) |
| 3:02 | Create | Villager (Male) |
| 3:27 | Create | Villager (Male) |
| 4:00 | Create | Villager (Male) |
| 4:01 | Create | Villager (Male) |
| 4:33 | Create | Villager (Male) |
| 4:34 | Create | Villager (Male) |
| 5:00 | Create | Villager (Male) |
| 5:55 | Create | Villager (Male) |
| 5:55 | Create | Villager (Male) |
| 7:03 | Create | Villager (Male) |
| 7:04 | Create | Villager (Male) |
| 8:00 | Build | Mill |
| 8:35 | Build | Mule Cart |
| 8:40 | Research | Feudal Age |
| 9:28 | Build | House |
| 9:31 | Build | House |
| 9:33 | Build | House |
| 10:50 | Age | Feudal Age |
| 10:55 | Research | Wheelbarrow |
| 10:57 | Create | Villager (Male) |
| 11:01 | Research | Double-Bit Axe |
| 11:04 | Research | Horse Collar |
| 11:18 | Create | Villager (Male) |
| 12:21 | Build | House |
| 12:23 | Build | House |
| 12:26 | Build | House |
| 12:29 | Build | House |
| 12:31 | Build | House |
| 12:34 | Build | House |
| 13:06 | Build | Mule Cart |
| 13:54 | Create | Villager (Male) |
| 13:54 | Create | Villager (Male) |
| 13:54 | Create | Villager (Male) |
| 14:11 | Build | Market |
| 15:14 | Create | Villager (Male) |
| 15:14 | Create | Villager (Male) |
| 15:14 | Create | Villager (Male) |
| 15:30 | Build | Farm |
| 15:36 | Build | Farm |
| 15:41 | Build | Farm |
| 15:43 | Build | Farm |
| 15:45 | Build | Farm |
| 15:47 | Build | Farm |
| 16:16 | Build | Blacksmith |
| 16:43 | Create | Villager (Male) ×5 |
| 17:32 | Build | House |
| 17:34 | Build | House |
| 17:55 | Build | Farm |
| 17:57 | Build | Farm |
| 18:02 | Build | Farm |
| 18:04 | Build | Farm |
| 18:07 | Build | Farm |
| 18:13 | Build | Farm |
| 18:15 | Build | Farm |
| 18:28 | Build | Farm |
| 18:32 | Build | Farm |
| 19:05 | Create | Trade Cart |
| 19:05 | Create | Trade Cart |
| 19:20 | Build | House |
| 19:29 | Create | Villager (Male) ×5 |
| 20:38 | Build | House |
| 20:40 | Build | House |
| 20:43 | Build | House |
| 20:45 | Build | House |
| 20:48 | Build | House |
| 20:55 | Build | House |
| 20:57 | Build | House |
| 21:19 | Research | Castle Age |
| 22:45 | Research | Stone Mining |
| 22:49 | Research | Gold Mining |
| 24:14 | Age | Castle Age |
| 24:19 | Build | Castle |
| 24:37 | Build | University |
| 24:53 | Build | Monastery |
| 25:17 | Build | Castle |
| 25:39 | Research | Ballistics |
| 25:41 | Research | Fortified Wall (upgrade) |
| 25:42 | Research | Murder Holes |
| 25:55 | Create | Villager (Male) ×5 |
| 26:06 | Build | Town Center |
| 26:21 | Build | Town Center |
| 27:26 | Create | Monaspa ×3 |
| 27:42 | Create | Villager (Male) ×5 |
| 27:44 | Create | Villager (Male) ×5 |
| 28:51 | Research | Masonry |
| 28:52 | Research | Treadmill Crane |
| 28:57 | Build | Farm |
| 28:58 | Build | Farm |
| 28:59 | Build | Farm |
| 29:00 | Build | Farm |
| 29:08 | Create | Villager (Male) ×5 |
| 29:08 | Create | Villager (Male) ×5 |
| 29:09 | Create | Villager (Male) |
| 29:24 | Build | Farm |
| 29:27 | Build | Farm |
| 29:29 | Build | Farm |
| 29:32 | Build | Farm |
| 29:34 | Build | Farm |
| 29:43 | Build | Farm |
| 29:44 | Build | Farm |
| 29:46 | Build | Farm |
| 29:48 | Build | Farm |
| 29:50 | Build | Farm |
| 29:52 | Build | Farm |
| 29:54 | Build | Farm |
| 30:02 | Build | Farm |
| 30:04 | Build | Farm |
| 30:05 | Build | Farm |
| 30:12 | Build | Farm |
| 30:17 | Create | Villager (Male) ×4 |
| 30:18 | Create | Villager (Male) ×4 |
| 30:38 | Create | Trade Cart |
| 30:39 | Create | Trade Cart |
| 30:40 | Create | Trade Cart |
| 30:40 | Create | Trade Cart |
| 30:47 | Build | Farm |
| 30:51 | Build | Farm |
| 31:22 | Create | Villager (Male) ×5 |
| 31:24 | Create | Villager (Male) ×2 |
| 32:02 | Build | Castle |
| 32:21 | Build | House |
| 32:23 | Build | House |
| 32:25 | Build | House |
| 32:36 | Build | Farm |
| 32:45 | Build | Farm |
| 32:47 | Build | Farm |
| 32:51 | Build | Farm |
| 32:54 | Build | Farm |
| 32:56 | Build | Farm |
| 33:04 | Build | Farm |
| 33:06 | Build | Farm |
| 33:07 | Build | Farm |
| 33:10 | Build | Farm |
| 33:16 | Research | Imperial Age |
| 33:40 | Build | Farm |
| 33:47 | Create | Villager (Male) ×5 |
| 34:39 | Research | Heavy Plow |
| 34:51 | Research | Bow Saw |
| 35:08 | Create | Monaspa ×5 |
| 35:09 | Create | Monaspa ×5 |
| 35:09 | Create | Monaspa ×3 |
| 35:10 | Create | Monaspa ×3 |
Match timeline
| 9:37 | ッ · age_up feudal |
| 10:50 | glubix44 · age_up feudal |
| 11:09 | Sauleta · age_up feudal |
| 11:45 | Brown Sugar · age_up feudal |
| 11:50 | spam · age_up feudal |
| 12:02 | PitralonneDJS · age_up feudal |
| 13:33 | spam · wall_segment Stone Wall x13 |
| 13:34 | 1609318730 · age_up feudal |
| 13:36 | Brown Sugar · resign |
| 14:06 | ッ · first_market_sell 500 wood |
| 14:10 | ッ · first_market_buy 100 food |
| 15:45 | spam · wall_segment Stone Wall x27 |
| 16:54 | ッ · age_up castle |
| 17:43 | PitralonneDJS · first_building Barracks |
| 18:36 | spam · wall_segment Stone Wall x9 |
| 18:44 | PitralonneDJS · first_building Archery Range |
| 18:51 | 1609318730 · first_building Barracks |
| 19:15 | ッ · first_building Monastery |
| 19:40 | ッ · first_building Castle |
| 19:48 | Sauleta · age_up castle |
| 20:09 | 1609318730 · first_building Archery Range |
| 20:15 | 1609318730 · first_building Stable |
| 20:57 | PitralonneDJS · first_building Stable |
| 21:15 | spam · wall_segment Stone Wall x16 |
| 23:19 | spam · wall_segment Stone Wall x4 |
| 24:14 | glubix44 · age_up castle |
| 24:17 | spam · first_building Barracks |
| 24:19 | glubix44 · first_building Castle |
| 24:23 | spam · first_market_sell 100 wood |
| 24:26 | spam · first_market_buy 100 food |
| 24:51 | 1609318730 · age_up castle |
| 24:53 | glubix44 · first_building Monastery |
| 25:00 | PitralonneDJS · age_up castle |
| 25:29 | PitralonneDJS · first_building Castle |
| 25:31 | spam · wall_segment Stone Wall x5 |
| 25:46 | 1609318730 · first_building Castle |
| 26:09 | Sauleta · first_building Monastery |
| 26:33 | PitralonneDJS · first_building Monastery |
| 27:37 | PitralonneDJS · first_building Siege Workshop |
| 27:49 | spam · wall_segment Stone Wall x5 |
| 28:11 | spam · first_building Stable |
| 28:21 | spam · first_building Archery Range |
| 28:40 | spam · age_up castle |
| 28:45 | Sauleta · first_building Castle |
| 28:53 | ッ · first_building Siege Workshop |
| 29:02 | ッ · first_building Barracks |
| 29:22 | PitralonneDJS · first_market_sell 100 wood |
| 29:25 | 1609318730 · first_building Monastery |
| 30:59 | ッ · first_building Archery Range |
| 31:05 | Sauleta · age_up imperial |
| 31:28 | spam · first_building Monastery |
| 32:38 | Sauleta · first_building Barracks |
| 32:42 | spam · first_building Siege Workshop |
| 33:30 | ッ · first_building Stable |
| 33:32 | 1609318730 · age_up imperial |
| 36:26 | glubix44 · age_up imperial |
| 36:48 | ッ · age_up imperial |
| 37:01 | Sauleta · first_building Archery Range |
| 38:05 | 1609318730 · first_building Siege Workshop |
| 38:15 | PitralonneDJS · age_up imperial |
| 44:10 | spam · first_building Castle |
| 45:27 | spam · age_up imperial |
| 47:21 | spam · wall_segment Stone Wall x23 |
| 49:02 | ッ · tribute_sent a jugador 1 |
| 49:02 | ッ · tribute_sent a jugador 3 |
| 49:02 | ッ · tribute_sent a jugador 4 |
| 49:02 | ッ · tribute_sent a jugador 5 |
| 49:02 | ッ · tribute_sent a jugador 6 |
| 49:02 | ッ · tribute_sent a jugador 7 |
| 49:02 | ッ · tribute_sent a jugador 8 |
| 49:06 | spam · wall_segment Stone Wall x20 |
| 49:28 | spam · wall_segment Stone Wall x35 |
| 50:38 | Sauleta · first_building Siege Workshop |
| 50:51 | ッ · tribute_sent a jugador 1 |
| 50:51 | ッ · tribute_sent a jugador 3 |
| 50:51 | ッ · tribute_sent a jugador 4 |
| 50:51 | ッ · tribute_sent a jugador 5 |
| 50:51 | ッ · tribute_sent a jugador 6 |
| 50:51 | ッ · tribute_sent a jugador 7 |
| 50:51 | ッ · tribute_sent a jugador 8 |
| 51:11 | spam · wall_segment Stone Wall x5 |
| 51:20 | spam · wall_segment Stone Wall x7 |
| 51:30 | spam · wall_segment Stone Wall x11 |
| 51:31 | Sauleta · wall_segment Stone Wall x4 |
| 55:35 | spam · wall_segment Stone Wall x5 |
| 57:38 | spam · wall_segment Stone Wall x8 |
| 57:51 | spam · wall_segment Stone Wall x7 |
| 58:43 | spam · wall_segment Stone Wall x4 |
| 60:29 | spam · wall_segment Stone Wall x4 |
| 61:39 | spam · wall_segment Stone Wall x3 |
| 62:02 | spam · wall_segment Stone Wall x6 |
| 62:19 | ッ · tribute_sent a jugador 1 |
| 62:19 | ッ · tribute_sent a jugador 3 |
| 62:19 | ッ · tribute_sent a jugador 4 |
| 62:19 | ッ · tribute_sent a jugador 5 |
| 62:19 | ッ · tribute_sent a jugador 6 |
| 62:19 | ッ · tribute_sent a jugador 7 |
| 62:20 | ッ · tribute_sent a jugador 8 |
| 63:24 | ッ · tribute_sent a jugador 1 |
| 63:24 | ッ · tribute_sent a jugador 3 |
| 63:24 | ッ · tribute_sent a jugador 4 |
| 63:24 | ッ · tribute_sent a jugador 5 |
| 63:24 | ッ · tribute_sent a jugador 6 |
| 63:24 | ッ · tribute_sent a jugador 7 |
| 63:24 | ッ · tribute_sent a jugador 8 |
[ AI ANALYSIS · 1 CREDIT ]
What really happened in this match?
Wolo.gg analyzes every decision: build order, eco, micro, common mistakes by bracket. Personalized analysis on WhatsApp or Discord in 30 seconds.
Civ guide
Tupi
Map guide
Arena
Perfil
Sauleta